AoeStats
← 一兵不出真君

Arabia

505019228Analyzed
1v1 RM · 25d ago on Sep 7, 2026· 44m 51s· 2 players
Game mode
Random Map
Map size
Tiny (2 player)
Population
200
Speed
Normal
Resources
Standard
Victory
Conquest
Starting age
Dark Age
Ending age
Imperial Age
RankedLock teamsTeams togetherTeam positionsShared explorationLock speedFull tech treeHidden civsTurbo modeCheats
Victory
Defeat
🇩🇪 Maya · Germany
2099
+8
🇨🇳 Spanish · China
1900
-8
Andi
0:25 Loom
9:01 Feudal Age
9:02 Man-at-Arms
9:40 Double-Bit Axe
10:01 Arson
15:10 Fletching
20:35 Castle Age
19:34 Double-Bit Axe
20:45 Horse Collar
21:11 Bodkin Arrow
20:37 Crossbowman
21:37 Bow Saw
30:04 Wheelbarrow
31:57 Ballistics
36:56 Imperial Age
35:22 Padded Archer Armor
35:50 Heavy Plow
36:56 Thumb Ring
37:31 Sanctity
38:03 Gold Mining
38:06 Stone Mining
38:29 Bracer
39:31 Chemistry
38:41 Masonry
39:23 Stone Shaft Mining
39:42 Conscription
40:06 Hoardings
40:47 Two-Man Saw
40:16 Leather Archer Armor
41:01 Elite Plumed Archer
42:29 Ring Archer Armor
43:24 Forging
43:15 Scale Mail Armor
42:40 Pikeman
43:20 Squires
42:41 Eagle Warrior
43:42 Halberdier
45:20 Iron Casting
45:00 Chain Mail Armor
一兵不出真君
9:34 Loom
11:20 Feudal Age
15:48 Castle Age
29:33 Horse Collar
30:47 Town Watch
31:01 Double-Bit Axe
33:26 Bow Saw
34:59 Wheelbarrow
38:26 Imperial Age
36:31 Scale Barding Armor
36:42 Hand Cart
37:57 Chain Barding Armor
37:49 Forging
38:42 Bloodlines
38:32 Husbandry
38:37 Cavalier
40:14 Plate Barding Armor
40:24 Paladin
42:07 Iron Casting
Connection lost

Rejoining the realm…

Still unreachable

The connection could not be restored.

Session expired

The server has moved on; the page needs a fresh start.